 Dungeon Crawl Stone Soup version 0.27-a0-1502-g47ed6a6988 (webtiles) character file.

Game seed: 1520788011041419021

80 bilbop the Caller (level 4, -7/25 HPs)
             Began as a Kobold Summoner on July 8, 2021.
             Mangled by Sigmund (10 damage)
             ... on level 3 of the Dungeon.
             The game lasted 00:17:53 (3035 turns).

bilbop the Caller (Kobold Summoner)                 Turns: 3035, Time: 00:17:54

Health: -7/25      AC:  2    Str:  5    XL:     4   Next: 65%
Magic:  1/7        EV: 15    Int: 17    God:
Gold:   55         SH:  0    Dex: 15    Spells: 3/8 levels left

rFire    . . .     SeeInvis .   a - +2 dagger (speed)
rCold    . . .     Faith    .   (shield restricted)
rNeg     + . .     Spirit   .   c - +0 robe
rPois    .         Reflect  .   (no helmet)
rElec    .         Harm     .   (no cloak)
rCorr    .         Rampage  .   (no gloves)
Will     .....                  (no boots)
Stlth    +++.......             (no amulet)
HPRegen  0.08/turn              d - ring of positive energy
MPRegen  0.10/turn              (no ring)

@: no status effects
A: small, no large weapons, nightstalker 3
a: no special abilities


You were on level 3 of the Dungeon.
You visited 1 branch of the dungeon, and saw 3 of its levels.

You collected 55 gold pieces.

Inventory:

Hand Weapons
 a - a +2 dagger of speed (weapon)
 f - a +0 short sword
 h - a +0 dagger
Armour
 c - a +0 robe (worn)
Jewellery
 d - a ring of positive energy (left hand)
Scrolls
 g - 4 scrolls of identify {unknown}
 i - a scroll of fog {unknown}
Potions
 b - 2 potions of curing {unknown}
 e - 2 potions of resistance {unknown}
 j - a potion of brilliance {unknown}
 k - 2 potions of heal wounds {unknown}
 l - a potion of ambrosia {unknown}


   Skills:
 + Level 1.5 Fighting
 + Level 1.8 Short Blades
 + Level 3.1 Dodging
 + Level 3.5 Stealth
 + Level 2.6 Spellcasting
 + Level 0.2 Hexes
 + Level 4.3 Summonings


You had 3 spell levels left.
You knew the following spells:

 Your Spells              Type           Power      Damage    Failure   Level
a - Summon Small Mammal   Summ           68%        N/A       3%          1
b - Call Imp              Summ           17%        N/A       4%          2
c - Ensorcelled Hibernat  Hex/Ice        4%         N/A       26%         2

Your spell library contained the following spells:

 Spells                   Type           Power      Damage    Failure   Level
 Call Canine Familiar     Summ           17%        N/A       9%          3
 Summon Guardian Golem    Hex/Summ       9%         N/A       22%         3
 Sublimation of Blood     Necr           1%         N/A       28%         2
 Wereblood                Tmut           2%         N/A       28%         2
 Spider Form              Tmut/Pois      1%         N/A       50%         3
 Summon Lightning Spire   Summ/Air       9%         N/A       58%         4
 Alistair's Intoxication  Tmut/Pois      1%         N/A       99%         5
 Borgnjor's Vile Clutch   Necr/Erth      1%         N/A       99%         5
 Shadow Creatures         Summ           N/A        N/A       99%         6
 Eringya's Noxious Bog    Tmut/Pois      1%         N/A       100%        6
 Summon Hydra             Summ           8%         N/A       100%        7


Dungeon Overview and Level Annotations

Branches:
Dungeon (3/15)

Altars:
Hepliaklqana

Annotations:
D:3 Grinder, Sigmund


Innate Abilities, Weirdness & Mutations

You are small and have problems with some larger weapons.
You are completely attuned to the shadows.


Message History

Sigmund points at you and mumbles some strange words.
You resist with some effort.
You closely miss Sigmund.
Sigmund is heavily wounded.
Sigmund points at you and mumbles some strange words.
You resist with some effort.
Casting: Call Imp (safe; 4% risk of failure)
Confirm with . or Enter, or press ? or * to list all spells.
A beastly little devil appears in a puff of flame.
Your crimson imp hits Sigmund.
Sigmund barely misses you.
You hit Sigmund.
Sigmund is severely wounded.
Your crimson imp closely misses Sigmund.
You barely miss Sigmund.
Sigmund is severely wounded.
Sigmund points at you and mumbles some strange words.
The magic dart hits you!
Your crimson imp blinks!
Casting: Call Imp (safe; 4% risk of failure)
Confirm with . or Enter, or press ? or * to list all spells.
A beastly little devil appears in a puff of flame.
Your crimson imp closely misses Sigmund.
Sigmund screams, "Only death can liberate you!"
Sigmund casts a spell.
Sigmund flickers and vanishes!
Deactivating autopickup; reactivate with Ctrl-A.
You miss something. You miss something. Something barely misses you.
You closely miss something.
You hear some strange, mumbled words.
A magic dart appears from out of thin air!
The magic dart hits you!
You closely miss something. You hit something.
You hear some strange, mumbled words.
A magic dart appears from out of thin air!
The magic dart hits you!
* * * LOW HITPOINT WARNING * * *
You swap places.
Something hits you!
You die...

## ##+## #.##..##.# ##.
# #.# #........# #. #
#.# .######..#### #.
#########(## .........#
#. ..........†##
#.####.#.# #.
#######.....###..###.#.#
#. ##........#.##.#.# #.
##.#####..###.#.# #. ###
#<@5{....# #. #.55...###
#. ######## ##


You could see 3 friendly crimson imps.

Vanquished Creatures
  Jessica (D:2)
  2 adders
  A worm (D:2)
  A dart slug (D:1)
  2 orcs (D:3)
  4 bats
  An endoplasm (D:1)
  2 giant cockroaches
  2 hobgoblins (D:2)
  5 kobolds
  4 ball pythons
  4 frilled lizards
  6 rats
35 creatures vanquished.

Vanquished Creatures (collateral kills)
  2 orcs (D:3)
  An endoplasm (D:1)
  A giant cockroach (D:2)
  A hobgoblin (D:1)
  A kobold (D:1)
  3 frilled lizards (D:1)
9 creatures vanquished.

Grand Total: 44 creatures vanquished

Notes
Turn   | Place    | Note
-------+----------+-------------------------------------------
     0 | D:1      | bilbop the Kobold Summoner began the quest for the Orb.
     0 | D:1      | Reached XP level 1. HP: 10/10 MP: 3/3
   347 | D:1      | Reached XP level 2. HP: 16/16 MP: 5/5
   401 | D:1      | Reached skill level 1 in Short Blades
  1096 | D:1      | Reached XP level 3. HP: 20/20 MP: 6/6
  1153 | D:1      | Learned a level 2 spell: Call Imp
  1213 | D:2      | Reached skill level 1 in Fighting
  1214 | D:2      | Noticed Jessica
  1241 | D:2      | Killed Jessica
  1960 | D:2      | Reached XP level 4. HP: 25/25 MP: 7/7
  2326 | D:3      | Noticed Grinder
  2609 | D:3      | Found a hazy altar of Hepliaklqana.
  2710 | D:3      | Learned a level 2 spell: Ensorcelled Hibernation
  2894 | D:3      | Noticed Sigmund
  3035 | D:3      | Mangled by Sigmund

Illustrated notes

Levels and vault maps discovered:
D:1:      minmay_arrival_semitransparent, layout_basic, minmay_door_square
D:2:      layout_basic, minmay_statues_item, uniq_jessica
D:3:      layout_loops_corners, mainiacjoe_overflow_small_starburst, uniq_ijyb,
          uniq_grinder, uniq_terence, uniq_sigmund

Skill      XL: |  1  2  3 |
---------------+----------+-----
Short Blades   | 1 |  1.8
Stealth        | 3 |  3.5
Fighting       | 1 |  1.5
Dodging        | 3 |  3.1
Spellcasting   | |  2.6
Hexes          | |  0.2
Summonings     | |  4.3

Action                   |  1- 3 |  4- 6 || total
-------------------------+-------+-------++-------
Melee: Short sword       |     6 |       ||     6
       Unarmed           |     1 |       ||     1
       Dagger            |    32 |    52 ||    84
 Cast: Summon Small Mamm |    12 |     6 ||    18
       Call Imp          |     3 |    14 ||    17
 Stab: Sleeping          |    14 |     7 ||    21
Armor: Robe              |     3 |     2 ||     5
Dodge: Dodged            |    14 |    28 ||    42

Table legend: (Time is in decaauts)
 A = Elapsed time spent in this place.
 B = Non-inter-level travel time spent in this place.
 C = Inter-level travel time spent in this place.
 D = Time resting spent in this place.
 E = Time spent auto-exploring this place.
 F = Levels seen in this place.
 G = Mean time per level.
                   A        B        C        D        E       F      G
               +--------+--------+--------+--------+--------+-----+--------+
         Total |   3009 |   2634 |    375 |    396 |   1776 |   3 | 1003.0 |
       Dungeon |   3009 |   2634 |    375 |    396 |   1776 |   3 | 1003.0 |
               +--------+--------+--------+--------+--------+-----+--------+

Top non-repeatable levels by time:
     D:2: 1178 daAuts
     D:1: 1166 daAuts
     D:3: 664 daAuts
